 Dungeon Crawl Stone Soup version 0.27-a0-988-g25969acef8 (webtiles) character file.

Game seed: 18114675071246357848

6269 thegreatwait the Thaumaturge (level 10, -2/69 HPs)
             Began as a Demigod Conjurer on Apr 15, 2021.
             Killed by divine providence
             ... invoked by a meliai
              (13 damage)
             ... on level 9 of the Dungeon.
             The game lasted 00:27:08 (9906 turns).

thegreatwait the Thaumaturge (Demigod Conjurer)     Turns: 9906, Time: 00:27:09

Health: -2/69      AC: 18    Str:  8    XL:     10   Next: 36%
Magic:  22/28      EV: 16    Int: 32    God:
Gold:   69         SH:  4    Dex: 12    Spells: 2/29 levels left

rFire    + + .     SeeInvis .   t - +3 Elemental Staff {rElec rF++ rC++ Will++ AC+5}
rCold    + + .     Faith    .   u - +0 buckler
rNeg     + . .     Spirit   .   f - +2 robe {rN+}
rPois    .         Reflect  .   j - +1 helmet
rElec    +         Harm     .   H - +0 cloak
rCorr    .         Rampage  .   e - +0 pair of gloves
Will     +++..                  B - +0 pair of boots
Stlth    ++........             (no amulet)
HPRegen  0.21/turn              y - +4 ring of protection
MPRegen  0.21/turn              x - +4 ring of evasion

@: slowed, very slow
A: high mp 1, forlorn
a: no special abilities


You were on level 9 of the Dungeon.
You visited 1 branch of the dungeon, and saw 9 of its levels.

You collected 587 gold pieces.
You spent 518 gold pieces at shops.

Inventory:

Hand Weapons
 t - the +3 Elemental Staff (weapon) {rElec rF++ rC++ Will++ AC+5}
   (You found it on level 5 of the Dungeon)

   It affects your AC (+5).
   It greatly protects you from fire.
   It greatly protects you from cold.
   It insulates you from electricity.
   It greatly increases your willpower.
 v - the +8 short sword "Dubodd" {venom, rPois rF- rN+++ SInv}
   (You took it off a gnoll on level 4 of the Dungeon)

   It poisons the flesh of those it strikes.
   It makes you vulnerable to fire.
   It protects you from poison.
   It renders you almost immune to negative energy.
   It lets you see invisible.
Armour
 e - a +0 pair of gloves (worn)
 f - a +2 robe of positive energy (worn)
 j - a +1 helmet (worn)
 q - a +0 kite shield
 u - a +0 buckler (worn)
 B - a +0 pair of boots (worn)
 H - a +0 cloak (worn)
Jewellery
 x - a +4 ring of evasion (right hand)
 y - a +4 ring of protection (left hand)
 E - a ring of willpower
Wands
 k - a wand of charming (10)
 r - a wand of acid (15)
 w - a wand of flame (32)
Scrolls
 a - a scroll of immolation
 b - 2 scrolls of torment {unknown}
 g - a scroll of silence
 o - 2 scrolls of fog
 s - 2 scrolls of magic mapping {unknown}
 C - a scroll of fear
 I - 3 scrolls of vulnerability
Potions
 c - 2 potions of berserk rage
 d - a potion of mutation {unknown}
 h - 2 potions of lignification {unknown}
 i - a potion of cancellation {unknown}
 l - 2 potions of might {unknown}
 m - a potion of curing
 n - 3 potions of heal wounds {unknown}
 z - a potion of flight {unknown}
 A - 3 potions of haste {unknown}
 F - a potion of magic {unknown}


   Skills:
 - Level 0.4 Long Blades
 * Level 2.1 Armour
 * Level 3.2 Dodging
 - Level 1.7 Stealth
 * Level 2.2 Shields
 - Level 10.0 Spellcasting
 + Level 9.5 Conjurations
 + Level 1.5 Translocations
 + Level 1.3 Ice Magic
 + Level 0.6 Air Magic


You had 2 spell levels left.
You knew the following spells:

 Your Spells              Type           Power      Damage    Failure   Level
a - Magic Dart            Conj           100%       1d8       1%          1
b - Searing Ray           Conj           100%       3d7       1%          2
c - Iskenderun's Mystic   Conj/Tloc      51%        2d11      3%          4
d - Freeze                Ice            100%       1d11      2%          1
e - Hailstorm             Conj/Ice       66%        3d14      4%          4
f - Frozen Ramparts       Ice            72%        1d9       7%          3
g - Ozocubu's Armour      Ice            36%        N/A       7%          3
h - Shock                 Conj/Air       100%       1d9       1%          1
i - Lightning Bolt        Conj/Air       32%        1d50      13%         5
j - Swiftness             Air            30%        N/A       9%          3

Your spell library contained the following spells:

 Spells                   Type           Power      Damage    Failure   Level
 Apportation              Tloc           50%        N/A       1%          1
 Static Discharge         Conj/Air       65%        N/A       1%          2
 Animate Skeleton         Necr           32%        N/A       3%          1
 Beastly Appendage        Tmut           32%        N/A       3%          1
 Corona                   Hex            17%        N/A       3%          1
 Summon Small Mammal      Summ           64%        N/A       3%          1
 Call Imp                 Summ           16%        N/A       5%          2
 Wereblood                Tmut           16%        N/A       5%          2
 Dazzling Flash           Conj/Hex       92%        N/A       1%          3
 Fulminant Prism          Conj/Hex       23%        3d13      5%          4
 Call Canine Familiar     Summ           16%        N/A       11%         3
 Spider Form              Tmut/Pois      8%         N/A       11%         3
 Summon Guardian Golem    Hex/Summ       16%        N/A       11%         3
 Airstrike                Air            15%        N/A       28%         4
 Ice Form                 Ice/Tmut       30%        N/A       28%         4
 Summon Ice Beast         Ice/Summ       30%        N/A       28%         4
 Summon Lightning Spire   Summ/Air       27%        N/A       32%         4
 Metabolic Englaciation   Hex/Ice        15%        N/A       63%         5
 Hydra Form               Tmut           8%         N/A       71%         5


Dungeon Overview and Level Annotations

Branches:
Dungeon (9/15)             Temple (0/1) D:5             Orc (0/2) D:9
   Lair: D:8-11

Shops:
D:1 *   D:6 (   D:8 :


Innate Abilities, Weirdness & Mutations

Your attributes grow dramatically as you level up.
You have an increased reservoir of magic. (+10% MP)
You shall have no god before yourself.


Message History

The meliai stings you but does no damage.
The meliai closely misses you. x2
A centaur comes into view. It is carrying a wand of acid (9).
The meliai hits you with a +0 hand axe! The meliai barely misses you.
The centaur moves out of view.
Okay, then.
You feel better. You block the meliai's attack.
The meliai completely misses you. The meliai hits you with a +0 hand axe.
The meliai closely misses you.
The centaur warrior wields a +0 shortbow.
The centaur warrior shoots an arrow.
The arrow closely misses you. The meliai hits you but does no damage.
The meliai barely misses you.
Casting: Searing Ray (safe; 1% risk of failure)
Confirm with . or Enter, or press ? or * to list all spells.
Aiming: Searing Ray (safe; 1% risk of failure)
Press: ? - help, Shift-Dir - straight line, f/p - meliai
Aim: a meliai, wielding a +0 hand axe and wearing a +0 robe (moderately wounded, 74% to hit)
Okay, then.
Unknown command.
Casting: Searing Ray (safe; 1% risk of failure)
Confirm with . or Enter, or press ? or * to list all spells.
You erupt in a blast of force!
The mystic blast hits the centaur warrior!
The centaur warrior is moderately wounded.
The centaur warrior is knocked back by the mystic blast.
The centaur warrior collides with the centaur!
The mystic blast hits the kobold brigand.
The kobold brigand is lightly wounded.
The kobold brigand is knocked back by the mystic blast.
The kobold brigand slams into the rock wall!
The mystic blast hits the meliai!
The meliai is severely wounded.
The meliai is knocked back by the mystic blast.
The meliai collides with the kobold brigand!
You hear an angry hiss.
The centaur warrior shoots an arrow.
The arrow hits you!
* * * LOW HITPOINT WARNING * * *
The meliai mumbles some strange prayers to its god against you.
Something smites you!
You die...

#.# #. #)# #.. #.#
#..# ##'#########...#
#.............# o#
#............# #K
#..........#.# ..
#..........# .
#........@.# .# .#
#.........y####.#.y#.
######'###cc.........
#.# ##.Ko....... ..#
####.<..... #.#
####### #+


You could see a centaur warrior, an orc warrior, a kobold brigand, a meliai and
a centaur.

Vanquished Creatures
  Harold (D:8)
  A two-headed ogre (D:7)
  A komodo dragon (D:7)
  Grinder (D:4)
  A slime creature (D:7)
  A wyvern (D:8)
  3 yaks (D:9)
  A water moccasin (D:5)
  2 ice beasts
  3 orc warriors
  3 necrophages
  A black bear (D:5)
  2 sky beasts
  An ogre (D:7)
  A phantom (D:6)
  4 bullfrogs
  A gnoll sergeant (D:8)
  6 scorpions
  5 killer bees
  4 howler monkeys
  4 centaur zombies
  2 hounds
  3 jellies
  A bullfrog skeleton (D:4)
  10 orc priests
  3 gnoll shamans
  Jessica (D:2)
  Natasha (thrice) (D:2)
  An iguana (D:6)
  13 orc wizards
  A killer bee zombie (D:8)
  19 gnolls
  A howler monkey skeleton (D:4)
  3 adders
  A shadow imp (D:5)
  A white imp (D:6)
  An adder skeleton (D:4)
  A worm (D:4)
  A dart slug (D:4)
  24 orcs
  4 ball pythons
  4 bats
  6 endoplasms
  3 giant cockroaches
  4 goblins
  4 hobgoblins
  7 kobolds
  2 quokkas
  3 frilled lizards
  7 rats
181 creatures vanquished.

Notes
Turn   | Place    | Note
-------+----------+-------------------------------------------
     0 | D:1      | thegreatwait the Demigod Conjurer began the quest for the
                  | Orb.
     0 | D:1      | Reached XP level 1. HP: 14/14 MP: 5/5
   424 | D:1      | Found Cahapt's General Store.
  1157 | D:1      | Bought a scroll of identify for 28 gold pieces
  1306 | D:2      | Reached XP level 2. HP: 20/20 MP: 4/7
  1308 | D:2      | Reached skill level 2 in Spellcasting
  1311 | D:2      | Learned a level 2 spell: Searing Ray
  1403 | D:2      | Noticed Natasha
  1407 | D:2      | Killed Natasha
  1408 | D:2      | Reached XP level 3. HP: 26/26 MP: 3/8
  1454 | D:2      | Noticed Natasha
  1464 | D:2      | Killed Natasha
  1883 | D:2      | Noticed Natasha
  1891 | D:2      | Killed Natasha
  1892 | D:2      | Reached XP level 4. HP: 24/33 MP: 1/10
  2062 | D:2      | Noticed Jessica
  2064 | D:2      | Killed Jessica
  2065 | D:2      | Reached skill level 5 in Conjurations
  2332 | D:3      | Noticed a water elemental
  2333 | D:3      | Noticed an earth elemental
  2333 | D:3      | Noticed an air elemental
  2333 | D:3      | Noticed a fire elemental
  2712 | D:3      | Identified the +2 falchion of Riqis {vamp, rElec MP+9 Dex+6
                  | SInv}
  3408 | D:4      | Noticed Grinder
  3415 | D:4      | Killed Grinder
  3416 | D:4      | Reached skill level 3 in Spellcasting
  3416 | D:4      | Reached XP level 5. HP: 31/38 MP: 13/13
  3416 | D:4      | Reached XP level 6. HP: 36/45 MP: 15/15
  3472 | D:4      | Learned a level 4 spell: Iskenderun's Mystic Blast
  3531 | D:4      | Reached skill level 4 in Spellcasting
  3962 | D:4      | Identified the +8 short sword "Dubodd" {venom, rPois rF-
                  | rN+++ SInv}
  4485 | D:5      | Entered Level 5 of the Dungeon
  4485 | D:5      | Found the +3 Elemental Staff {rElec rF++ rC++ Will++ AC+5}
  4485 | D:5      | Noticed a water moccasin
  4492 | D:5      | Reached XP level 7. HP: 50/50 MP: 17/17
  4499 | D:5      | Reached skill level 5 in Spellcasting
  5042 | D:5      | Reached skill level 6 in Spellcasting
  5243 | D:5      | Reached XP level 8. HP: 45/57 MP: 11/21
  5345 | D:5      | Found a staircase to the Ecumenical Temple.
  5784 | D:6      | Reached skill level 7 in Spellcasting
  6368 | D:6      | Reached skill level 8 in Spellcasting
  6395 | D:6      | Found Omisk's Antique Weapon Boutique.
  6826 | D:7      | Noticed a two-headed ogre
  6838 | D:7      | Killed a two-headed ogre
  6839 | D:7      | Reached skill level 9 in Spellcasting
  6839 | D:7      | Reached XP level 9. HP: 28/62 MP: 10/26
  6840 | D:7      | Noticed a komodo dragon
  7478 | D:7      | Killed a komodo dragon
  7769 | D:7      | Reached skill level 10 in Spellcasting
  8176 | D:7      | Identified the +7 falchion "Foorao" {drain, rPois rC-
                  | Dex+2}
  8225 | D:7      | Learned a level 1 spell: Freeze
  8230 | D:7      | Learned a level 4 spell: Hailstorm
  8234 | D:7      | Learned a level 3 spell: Frozen Ramparts
  8238 | D:7      | Learned a level 3 spell: Ozocubu's Armour
  8529 | D:8      | Noticed Harold
  8950 | D:8      | Reached skill level 1 in Translocations
  9012 | D:8      | Reached skill level 1 in Shields
  9012 | D:8      | Reached XP level 10. HP: 69/69 MP: 21/28
  9272 | D:8      | Found Ithoafut's Book Shoppe.
  9280 | D:8      | Reached skill level 1 in Armour
  9284 | D:8      | Bought a book of Air for 490 gold pieces
  9286 | D:8      | Learned a level 1 spell: Shock
  9292 | D:8      | Learned a level 5 spell: Lightning Bolt
  9296 | D:8      | Learned a level 3 spell: Swiftness
  9372 | D:8      | Killed Harold
  9443 | D:8      | Reached skill level 1 in Ice Magic
  9705 | D:9      | Found a staircase to the Orcish Mines.
  9898 | D:9      | Noticed a centaur warrior
  9906 | D:9      | Killed from afar by a meliai

Illustrated notes

Levels and vault maps discovered:
D:1:      denvon_arrival_waterhouse, layout_basic, serial_shops, shop,
          chequers_serial_rivers_micro_b, grunt_decor_resistance
D:2:      layout_basic, basic_altar, uniq_natasha, uniq_jessica
D:3:      layout_loops_corners, nicolae_qazlal_style_of_elements,
          nicolae_overflow_hidden_temple, dk_noncrumbling_3
D:4:      layout_basic, portal_sewer_entry_b, chequers_hall_statues_wall_a,
          minmay_pentomino_pile, uniq_grinder
D:5:      layout_rooms, vehumet_altar_wand_db, minmay_temple_entry_sparse_star
D:6:      layout_basic, nicolae_gozag_cash_rules_everything_around_me,
          serial_shops, shop, chequers_serial_rivers_micro_e,
          nicolae_zen_rock_garden, lemuel_old_faithful
D:7:      cheibrodos_fzero, layout_gridville
D:8:      layout_rooms, nicolae_hepliaklqana_hippocampus, serial_shops, shop,
          uniq_harold
D:9:      layout_roguey, lemuel_round_altar, orc_0_dummy,
          kb_lookout_dungeons_type, minmay_ruined_shrine, uniq_prince_ribbit1

Skill      XL: |  1  2  3  4  5  6  7  8  9 10 |
---------------+-------------------------------+-----
Conjurations   | 4 5 6 8 9 |  9.5
Spellcasting   | 2 3 4 6 9 10 | 10.0
Dodging        | 2 3 |  3.2
Translocations | 1 |  1.5
Shields        | 1 2 |  2.2
Armour         | 2 |  2.1
Ice Magic      | 1 |  1.3
Long Blades    | |  0.4
Stealth        | |  1.7
Air Magic      | |  0.6

Action                   |  1- 3 |  4- 6 |  7- 9 | 10-12 || total
-------------------------+-------+-------+-------+-------++-------
Melee: Falchion          |       |     1 |       |       ||     1
       Staff             |       |       |     7 |       ||     7
 Cast: Magic Dart        |    39 |    89 |   103 |     9 ||   240
       Searing Ray       |     3 |    16 |    58 |    15 ||    92
       Iskenderun's Myst |       |       |     6 |     1 ||     7
       Freeze            |       |       |     2 |       ||     2
       Ozocubu's Armour  |       |       |     1 |       ||     1
       Frozen Ramparts   |       |       |     1 |       ||     1
       Shock             |       |       |       |    33 ||    33
       Lightning Bolt    |       |       |       |     1 ||     1
  Use: Scroll            |     3 |     1 |     4 |     1 ||     9
       Potion            |       |       |       |     1 ||     1
Armor: Robe              |     3 |     4 |    22 |     6 ||    35
Dodge: Dodged            |     1 |    10 |    30 |    14 ||    55
Block: Buckler           |       |       |       |     5 ||     5
       Rpst.: Falchion   |       |     1 |       |       ||     1

Table legend: (Time is in decaauts)
 A = Elapsed time spent in this place.
 B = Non-inter-level travel time spent in this place.
 C = Inter-level travel time spent in this place.
 D = Time resting spent in this place.
 E = Time spent auto-exploring this place.
 F = Levels seen in this place.
 G = Mean time per level.
                   A        B        C        D        E       F      G
               +--------+--------+--------+--------+--------+-----+--------+
         Total |   9912 |   9536 |    376 |   1971 |   6273 |   9 | 1101.3 |
       Dungeon |   9912 |   9536 |    376 |   1971 |   6273 |   9 | 1101.3 |
               +--------+--------+--------+--------+--------+-----+--------+

Top non-repeatable levels by time:
     D:7: 1960 daAuts
     D:4: 1333 daAuts
     D:1: 1167 daAuts
     D:6: 1108 daAuts
     D:2: 1099 daAuts
     D:3: 1097 daAuts
     D:5: 1082 daAuts
     D:8: 853 daAuts
     D:9: 210 daAuts
